AoeStats
← Freedom Phantom

Arena

508717801Analyzed
1v1 RM · 8d ago on Sep 23, 2026· 61m 2s· 2 players
Game mode
Random Map
Map size
Tiny (2 player)
Population
200
Speed
Normal
Resources
Standard
Victory
Conquest
Starting age
Dark Age
Ending age
Imperial Age
RankedLock teamsTeams togetherTeam positionsShared explorationLock speedFull tech treeHidden civsTurbo modeCheats
Victory
Defeat
🇪🇸 Byzantines · Spain
1038
+15
🇷🇴 Spanish · Romania
1027
-15
Freedom Phantom
11:56 Feudal Age
16:35 Castle Age
14:27 Horse Collar
18:06 Loom
19:00 Fletching
19:12 Padded Archer Armor
19:06 Double-Bit Axe
22:40 Heavy Plow
26:58 Wheelbarrow
29:05 Imperial Age
26:50 Bow Saw
31:45 Wheelbarrow
32:14 Two-Man Saw
35:52 Hand Cart
35:23 Town Watch
36:08 Elite Conquistador
37:10 Conscription
48:49 Chemistry
48:09 Ballistics
49:56 Elite Skirmisher
50:39 Squires
50:01 Pikeman
51:24 Thumb Ring
51:42 Light Cavalry
52:34 Bloodlines
52:24 Husbandry
53:58 Bodkin Arrow
54:18 Leather Archer Armor
54:42 Bracer
TurulloMix
11:42 Feudal Age
11:07 Loom
12:11 Double-Bit Axe
12:19 Stone Mining
14:18 Fletching
16:13 Wheelbarrow
16:17 Scale Mail Armor
18:35 Castle Age
16:55 Scale Mail Armor
17:05 Forging
18:24 Horse Collar
24:38 Squires
24:24 Arson
25:45 Gold Mining
31:55 Imperial Age
33:43 Treadmill Crane
34:41 Hand Cart
36:24 Chemistry
37:00 Conscription
38:01 Ballistics
40:26 Elite Skirmisher
41:17 Padded Archer Armor
41:12 Bodkin Arrow
41:35 Chain Mail Armor
45:02 Bow Saw
45:36 Conscription
47:16 Bracer
48:30 Elite Varangian Guard
52:26 Leather Archer Armor
57:07 Iron Casting
57:02 Plate Mail Armor
57:04 Ring Archer Armor
57:45 Hoardings
58:37 Two-Man Saw
57:42 Heavy Plow
60:13 Capped Ram
Connection lost

Rejoining the realm…

Still unreachable

The connection could not be restored.

Session expired

The server has moved on; the page needs a fresh start.